 Dungeon Crawl Stone Soup version 0.29-a0-22-gbf593b16ee (webtiles) character file.

Game seed: 7651718974332890911

1989 enile the Nimble (level 9, -5/66 HPs)
             Began as a Djinni Fire Elementalist on Jan 29, 2022.
             Was a Believer of the Shining One.
             Slain by an orc warrior (11 damage)
             ... on level 6 of the Dungeon.
             The game lasted 00:12:29 (8306 turns).

enile the Nimble (Djinni Fire Elementalist)         Turns: 8306, Time: 00:12:30

Health: -5/66      AC:  3    Str:  7    XL:     9   Next: 44%
Gold:   300        EV: 15    Int: 20    God:    the Shining One [**....] SH:  0 Dex: 15

rFire   + + +      SeeInvis .   e - +0 scythe (vorpal)
rCold   x . .      Faith    .   (shield currently unavailable)
rNeg    + . .      Spirit   .   p - +0 leather armour {rF+}
rPois   ∞          Reflect  .   (no helmet)
rElec   .          Harm     .   (no cloak)
rCorr   .          Rampage  .   (no gloves)
Will    .....                   (boots unavailable)
Stlth   +.........              (no amulet)
HPRegen 0.21/turn               k - ring of protection from fire
MPRegen 0.00/turn               b - +4 ring of slaying

@: flying, glowing, studying Dodging
A: sickness immunity, fire resistance 2, cold vulnerability 1, float, innate
caster, HP casting, extra vitality 1
a: Renounce Religion, Divine Shield


You were on level 6 of the Dungeon.
You worshipped the Shining One.
The Shining One was pleased with you.
You visited 1 branch of the dungeon, and saw 6 of its levels.
You also visited: Sewer.

You collected 300 gold pieces.

Inventory:

Hand Weapons
 c - a +0 short sword
 e - a +0 vorpal scythe (weapon)
Armour
 a - a +0 robe
 p - a +0 leather armour of fire resistance (worn)
Jewellery
 b - a +4 ring of slaying (right hand)
 k - a ring of protection from fire (left hand)
 q - a ring of protection from cold
Wands
 l - a wand of flame (11)
 r - a wand of iceblast (12)
 u - a wand of polymorph (11)
Scrolls
 d - a scroll of vulnerability
 j - 2 scrolls of amnesia
 n - a scroll of teleportation
 t - a scroll of enchant armour {unknown}
 w - a scroll of noise {unknown}
Potions
 f - 2 potions of degeneration
 g - 2 potions of flight
 h - a potion of might
 i - a potion of curing
 m - a potion of cancellation {unknown}
 o - a potion of brilliance {unknown}
 s - 2 potions of heal wounds
 v - a potion of attraction {unknown}


   Skills:
 - Level 6.0 Fighting
 + Level 3.7 Armour
 - Level 9.0 Dodging
 - Level 2.0 Stealth
 - Level 5.0 Spellcasting
 - Level 4.0 Invocations


You couldn't memorise any spells.
You knew the following spells:

 Your Spells              Type           Power      Damage    Failure   Level
a - Foxfire               Conj/Fire      100%       2x1d9     2%          1
b - Scorch                Fire           50%        2d7       3%          2
c - Conjure Flame         Conj/Fire      25%        6-21      6%          3
d - Inner Flame           Hex/Fire       25%        N/A       6%          3
e - Flame Wave            Conj/Fire      25%        2d7       22%         4
f - Shock                 Conj/Air       100%       1d9       2%          1
g - Searing Ray           Conj           50%        2d6       3%          2
h - Corpse Rot            Necr/Air       50%        N/A       3%          2
i - Vampiric Draining     Necr           25%        2d7       6%          3
Your spell library was empty.

Dungeon Overview and Level Annotations

Branches:
Dungeon (6/15)              Sewer (visited)
 Temple: D:4-7

Altars:
Makhleb
Vehumet
The Shining One

Annotations:
D:6 exclusion: statue


Innate Abilities, Weirdness & Mutations

You are immune to sickness and miasma.
You are immune to poison.
Your flesh is very heat resistant. (rF++)
You are vulnerable to cold. (rC-)
You float through the air rather than walking.
You learn spells naturally, not from books.
Your magical power is your life essence.
You have superior vitality. (+4 MHP)


Message History

The searing ray hits the wyvern skeleton!
The wyvern skeleton is almost destroyed.
The searing ray hits the orc wizard!
You kill the orc wizard!
The searing ray hits the orc warrior but does no damage.
You finish channelling your searing ray.
The wyvern skeleton closely misses you. The wyvern skeleton bites you.
Your magical contamination has completely faded away.
The wyvern skeleton barely misses you. The orc warrior closely misses you.
Casting: Searing Ray (safe; 3% risk of failure)
Confirm with . or Enter, or press ? or * to list all spells.
Aiming: Searing Ray (safe; 3% risk of failure)
Press: ? - help, Shift-Dir - straight line, f - wyvern skeleton
Aim: a wyvern skeleton (almost destroyed, haloed, 98% to hit)
The searing ray hits the orc warrior but does no damage.
The searing ray hits the wyvern skeleton.
You destroy the wyvern skeleton!
The Shining One accepts your kill.
You feel better. (Press . to maintain the ray.)
The orc warrior hits you with a +0 mace!
Casting: Searing Ray (safe; 3% risk of failure)
Confirm with . or Enter, or press ? or * to list all spells.
Okay, then.
You slash the orc warrior!
The orc warrior is severely wounded.
The orc warrior hits you with a +0 mace. x2
Okay, then.
Casting: Searing Ray (safe; 3% risk of failure)
Confirm with . or Enter, or press ? or * to list all spells.
Flames lash the orc warrior.
The orc warrior is severely wounded.
The orc warrior's fire resistance burns away.
* * * LOW HITPOINT WARNING * * *
The orc warrior hits you with a +0 mace!
* * * LOW HITPOINT WARNING * * *
The orc warrior hits you with a +0 mace!
You die...

#.# #####.# #.#
...#.# #.# #####.#.#
#.# ........# #.#
........####### #.#
..............† #.#
........#######
#.####........#.#.. #
#...@o).).....).#.#.#
######........#.#.#.#
........#.#.#.#
#####...#......
#.............
#.........<...
#.............
#.............
#.......#.....


You could see an orc warrior (combustible).

Vanquished Creatures
  Grinder (D:5)
  Sigmund (D:4)
  A wyvern (D:5)
  A water moccasin (D:6)
  2 sky beasts (D:6)
  A black bear (D:5)
  An ogre (D:5)
  A necrophage (D:4)
  A centaur (D:5)
  A bullfrog (D:6)
  2 scorpions
  2 wyvern skeletons (D:6)
  A centaur zombie (D:6)
  2 jellies
  3 hounds
  2 orc priests (D:5)
  A bullfrog skeleton (D:5)
  Ijyb (D:5)
  2 orc wizards
  Robin (D:2)
  14 adders
  A river rat (Sewer)
  2 worms
  2 dart slugs
  8 orcs
  7 ball pythons
  3 bats (D:1)
  5 endoplasms
  3 giant cockroaches
  19 goblins
  13 hobgoblins
  4 quokkas
  10 frilled lizards
  6 kobolds
  10 rats
135 creatures vanquished.

Vanquished Creatures (others)
  223 foxfires
  4 toadstools (D:1)
227 creatures vanquished.

Grand Total: 362 creatures vanquished

Notes
Turn   | Place    | Note
-------+----------+-------------------------------------------
     0 | D:1      | enile the Djinni Fire Elementalist began the quest for the
                  | Orb.
     0 | D:1      | Reached XP level 1. HP: 15/15 MP: 0/0
   167 | D:1      | Reached XP level 2. HP: 14/21 MP: 0/0
   786 | D:1      | Reached XP level 3. HP: 25/26 MP: 0/0
   786 | D:1      | Learned a level 1 spell: Shock
   870 | D:1      | Reached skill level 1 in Fighting
  1332 | D:2      | Found a faded altar of an unknown god.
  1338 | D:2      | Prayed at the altar of an unknown god.
  1338 | D:2      | Became a worshipper of the Shining One
  1338 | D:2      | Reached * piety under the Shining One
  1576 | D:2      | Reached XP level 4. HP: 13/33 MP: 0/0
  2272 | D:2      | Noticed Robin
  2286 | D:2      | Killed Robin
  2770 | D:2      | Reached XP level 5. HP: 36/38 MP: 0/0
  2770 | D:2      | Learned a level 2 spell: Searing Ray
  3427 | D:3      | Identified a scroll of acquirement
  3430 | D:3      | Acquired a manual of Dodging
  4063 | D:3      | Reached XP level 6. HP: 17/45 MP: 0/0
  4255 | D:4      | Noticed Sigmund
  4262 | D:4      | Killed Sigmund
  4263 | D:4      | Reached skill level 5 in Dodging
  4273 | D:4      | Noticed a necrophage
  4281 | D:4      | Killed a necrophage
  4282 | D:4      | Reached skill level 6 in Dodging
  4282 | D:4      | Reached skill level 7 in Dodging
  4282 | D:4      | Reached XP level 7. HP: 22/50 MP: 0/0
  4282 | D:4      | Learned a level 2 spell: Corpse Rot
  4398 | D:4      | Found a glowing drain.
  4516 | Sewer    | Entered a sewer
  5170 | D:5      | Entered Level 5 of the Dungeon
  5330 | D:5      | HP: 1/50 [centaur/arrow (4)]
  5375 | D:5      | Reached skill level 8 in Dodging
  5688 | D:5      | Noticed Ijyb
  5701 | D:5      | Killed Ijyb
  5702 | D:5      | Reached XP level 8. HP: 36/58 MP: 0/0
  5820 | D:5      | Found a burning altar of Makhleb.
  5867 | D:5      | Reached skill level 5 in Fighting
  6340 | D:5      | Noticed a wyvern
  6349 | D:5      | Killed a wyvern
  6869 | D:5      | Noticed Grinder
  6878 | D:5      | Killed Grinder
  7435 | D:6      | Reached XP level 9. HP: 62/66 MP: 0/0
  7435 | D:6      | Learned a level 3 spell: Vampiric Draining
  7483 | D:6      | Reached ** piety under the Shining One
  7992 | D:6      | Reached skill level 5 in Spellcasting
  8155 | D:6      | Reached skill level 9 in Dodging
  8306 | D:6      | Slain by an orc warrior

Illustrated notes

Levels and vault maps discovered:
D:1:      ldierk_water_garden, layout_loops_ring, minmay_statues_item
D:2:      layout_loops_ring, nicolae_ecumenical_pavilion, uniq_robin
D:3:      layout_basic, minmay_quadrilaterals
D:4:      layout_loops_ring, portal_sewer_entry_d, st_stairs_10, uniq_sigmund,
          uniq_edmund
D:5:      layout_cave_pods, lemuel_doored_altar, uniq_ijyb, uniq_grinder
D:6:      layout_basic, vehumet_statue

Skill      XL: |  1  2  3  4  5  6  7  8  9 |
---------------+----------------------------+-----
Stealth        | 2 |  2.0
Fighting       | 2 3 4 6 |  6.0
Spellcasting   | 3 4 5 |  5.0
Dodging        | 7 8 9 |  9.0
Armour         | 3 |  3.7
Invocations    | 3 4 |  4.0

Action                   |  1- 3 |  4- 6 |  7- 9 || total
-------------------------+-------+-------+-------++-------
Melee: Short sword       |       |     2 |       ||     2
       Scythe            |       |       |     7 ||     7
 Cast: Foxfire           |    55 |    11 |    79 ||   145
       Shock             |    22 |    63 |       ||    85
       Scorch            |       |    24 |    69 ||    93
       Searing Ray       |       |     6 |     2 ||     8
Invok: Divine Shield     |       |       |     3 ||     3
  Use: Scroll            |       |     6 |     8 ||    14
       Potion            |       |       |     4 ||     4
Armor: Robe              |     2 |     6 |     3 ||    11
       Leather armour    |       |       |     7 ||     7
Dodge: Dodged            |     7 |    17 |    72 ||    96
Block: Other             |       |       |     4 ||     4

Table legend: (Time is in decaauts)
 A = Elapsed time spent in this place.
 B = Non-inter-level travel time spent in this place.
 C = Inter-level travel time spent in this place.
 D = Time resting spent in this place.
 E = Time spent auto-exploring this place.
 F = Levels seen in this place.
 G = Mean time per level.
                   A        B        C        D        E       F      G
               +--------+--------+--------+--------+--------+-----+--------+
         Total |   8293 |   8048 |    245 |    557 |   6282 |   7 | 1184.7 |
       Dungeon |   7699 |   7454 |    245 |    557 |   5913 |   6 | 1283.2 |
         Sewer |    593 |    593 |      0 |      0 |    369 |   1 |  593.0 |
               +--------+--------+--------+--------+--------+-----+--------+

Top non-repeatable levels by time:
     D:5: 2218 daAuts
     D:1: 1514 daAuts
     D:2: 1409 daAuts
     D:3: 1331 daAuts
     D:6: 901 daAuts
   Sewer: 593 daAuts
     D:4: 324 daAuts
